Predators vs Sabres
(R1)
Created - November 28, 2023 at 19:01
Goals
|
| Predators |
1 |
1 |
1 |
3 |
| Sabres |
1 |
2 |
2 |
5 |
|
Shots
|
| Predators |
13 |
12 |
8 |
33 |
| Sabres |
11 |
9 |
13 |
33 |
|
1st period
1. Sabres , Hampus Lindholm 2 (Sidney Crosby 13) at 10:39 (PP)
2. Predators , Claude Giroux 6 (John Moore 5, Jack Eichel 6) at 12:22 (PP)
Penalties :
Markus Granlund (Nas) for Goalie Interference (Minor) at 1:15, John Moore (Nas) for Hooking (Minor) at 10:26, Teemu Pulkkinen (Buf) for Cross-checking (Minor) at 12:08, Brian Ferlin (Buf) for Kneeing (Minor) at 17:19
2nd period
3. Sabres , Tyler Johnson 8 (Evgeni Malkin 5, Michael Matheson 5) at 1:54
4. Predators , Andy Miele 6 (Justin Faulk 10) at 6:55 (SH)
5. Sabres , Teemu Pulkkinen 2 (William Karlsson 2, Brian Ferlin 4) at 9:45
Penalties :
Nate Schmidt (Buf) for Hooking (Minor) at 3:04, Jaden Schwartz (Nas) for Slashing (Minor) at 5:32, Markus Granlund (Nas) for Cross-checking (Minor) at 5:55, Sidney Crosby (Buf) for High sticking (Minor) at 18:27
3rd period
6. Predators , Andy Miele 7 (Alexander Ovechkin 7, Travis Dermott 2) at 2:03
7. Sabres , Kyle Okposo 7 (Logan Couture 7, Ryan Kesler 3) at 3:04
8. Sabres , Teuvo Teravainen 8 (Sidney Crosby 14) at 4:35
Penalties :
Mark Pysyk (Nas) for Holding (Minor) at 6:08, Andy Miele (Nas) for Tripping (Minor) at 13:07, Colton Parayko (Buf) for Tripping (Minor) at 17:37
Goalie Stats
Michal Neuvirth (Nas), 28 saves from 33 shots - (0.848), L, 4-8-2, 60:00 minutes
John Gibson (Buf), 30 saves from 33 shots - (0.909), W, 11-6-0, 60:00 minutes
Players Stats for Predators
Player Name G A P +/- PIM S H SB GA TA FO MP PP MP PK MP
------------------------------------------------------------------------------------
Alexander Ovechkin 0 1 1 0 0 1 0 0 1 0 1/1 16:59 4:01 1:32
Andreas Englund 0 0 0 0 0 0 0 0 0 1 0/0 10:12 0:33 0:19
Andy Miele 2 0 2 1 2 5 3 0 0 0 7/15 16:22 3:56 1:34
Claude Giroux 1 0 1 -1 0 8 1 1 1 0 2/2 21:17 3:36 1:39
Jack Eichel 0 1 1 -1 0 2 2 1 0 1 8/21 20:01 3:36 0:21
Jaden Schwartz 0 0 0 -2 2 4 1 1 0 0 4/6 14:40 0:42 3:42
John Moore 0 1 1 -1 2 1 1 1 1 0 0/0 28:32 4:03 5:35
Josh Morrissey 0 0 0 -1 0 2 1 2 0 0 0/0 21:23 3:34 2:44
Justin Faulk 0 1 1 -1 0 1 3 1 0 0 0/0 21:15 3:34 2:38
Mark McNeill 0 0 0 0 0 0 0 1 0 0 0/0 6:11 0:38 0:00
Mark Pysyk 0 0 0 -2 2 2 2 0 0 1 2/3 15:17 0:00 4:27
Markus Granlund 0 0 0 0 4 0 1 0 0 0 1/1 9:13 0:28 2:12
Mikael Granlund 0 0 0 -1 0 1 1 0 0 0 2/2 19:37 3:36 0:00
Nicolas Kerdiles 0 0 0 0 0 1 0 0 0 0 0/0 5:34 0:01 0:00
Reilly Smith 0 0 0 0 0 1 2 0 1 0 0/0 14:45 3:56 0:00
Ryan Mcdonagh 0 0 0 -1 0 1 1 0 1 1 0/0 28:29 3:58 5:48
Scott Laughton 0 0 0 -2 0 0 1 0 0 0 4/5 9:51 0:00 0:00
Travis Dermott 0 1 1 0 0 3 0 0 0 0 0/0 10:08 0:38 0:00
Players Stats for Sabres
Player Name G A P +/- PIM S H SB GA TA FO MP PP MP PK MP
------------------------------------------------------------------------------------
Ben Hutton 0 0 0 0 0 0 0 1 0 1 0/0 13:05 0:09 2:59
Brian Ferlin 0 1 1 1 2 2 2 0 0 0 0/0 7:42 0:41 0:00
Colton Parayko 0 0 0 0 2 1 0 1 0 0 0/0 24:11 5:40 2:09
Evgeni Malkin 0 1 1 0 0 4 3 0 0 0 5/13 18:40 3:20 2:48
Hampus Lindholm 1 0 1 0 0 4 0 2 0 0 0/0 28:16 5:40 3:42
Kyle Okposo 1 0 1 1 0 2 1 0 0 0 0/2 11:23 0:00 2:14
Logan Couture 0 1 1 1 0 1 0 1 0 0 3/3 12:29 3:05 0:21
Michael Matheson 0 1 1 2 0 0 1 1 1 0 0/0 17:13 2:43 0:00
Nate Schmidt 0 0 0 0 2 0 2 0 0 1 0/0 16:42 0:09 4:02
Nikita Zaitsev 0 0 0 2 0 1 2 0 1 0 0/0 17:57 0:00 3:28
Robby Fabbri 0 0 0 0 0 1 0 0 0 0 1/1 16:54 3:20 1:32
Ryan Kesler 0 1 1 1 0 0 2 0 0 1 0/1 9:24 0:22 0:00
Sam Gagner 0 0 0 0 0 1 0 0 1 1 0/0 14:51 3:20 0:00
Sidney Crosby 0 2 2 0 2 6 2 0 0 0 12/31 23:21 4:28 3:29
Teemu Pulkkinen 1 0 1 1 2 1 0 0 0 0 0/0 7:49 0:44 0:27
Teuvo Teravainen 1 0 1 0 0 7 3 0 0 0 0/0 21:49 4:28 1:47
Tyler Johnson 1 0 1 0 0 1 2 1 0 1 2/2 23:53 4:31 3:42
William Karlsson 0 1 1 1 0 1 0 0 1 0 2/3 6:06 0:00 0:00
3 Stars
1 - Andy Miele (Nas)
2 - Teuvo Teravainen (Buf)
3 - Kyle Okposo (Buf)
Power Play
Predators - 1 on 5 Attempt(s) - 20.00%
Sabres - 1 on 6 Attempt(s) - 16.67%
Penalty Kill
Predators - 5 on 6 Attempt(s) - 83.33%
- Score 1 goal in Penalty Kill
Sabres - 4 on 5 Attempt(s) - 80.00%
- Score 0 goal in Penalty Kill
Team Stat
Predators - Hits : 20 - Faceoff Wins : 31 - Blocked Shots : 8 - Penalty Minutes : 12
Sabres - Hits : 20 - Faceoff Wins : 25 - Blocked Shots : 7 - Penalty Minutes : 10
Official
Referees : Garrett Rank and Justin St. Pierre
Linesman : Brian Mach and Greg Devorski
Game Notes
No Game Note
Finance
Level 1 -- Attendance: 6000 (100.00%) -- Ticket Income $600,000
Level 2 -- Attendance: 5000 (100.00%) -- Ticket Income $300,000
Level 3 -- Attendance: 1821 (91.05%) -- Ticket Income $63,735
Level 4 -- Attendance: 3890 (97.25%) -- Ticket Income $97,250
Luxury Box -- Attendance: 926 (92.60%) -- Ticket Income $185,200
Game was played at the Key Bank Center.
Total Attendance: 17637 (97.98%)
Total Ticket Income: $1,246,185
Other Income: $186,928
Total Income: $1,433,113
Predators
5 vs 5 Forward
Center Left Wing Right Wing Time % Phy DF OF
1 Jack Eichel Claude Giroux Mikael Granlund 40 1 2 2
2 Andy Miele Alexander Ovechkin Reilly Smith 30 1 2 2
3 Scott Laughton Jaden Schwartz Mark Pysyk 20 1 2 2
4 Markus Granlund Nicolas Kerdiles Mark McNeill 10 1 2 2
5 vs 5 Defense
Defense Defense Time % Phy DF OF
1 John Moore Ryan Mcdonagh 40 1 2 2
2 Justin Faulk Josh Morrissey 30 1 2 2
3 Andreas Englund Travis Dermott 20 1 2 2
4 John Moore Ryan Mcdonagh 10 1 2 2
PowerPlay Forward
Center Left Wing Right Wing Time % Phy DF OF
1 Jack Eichel Claude Giroux Mikael Granlund 60 1 1 3
2 Andy Miele Alexander Ovechkin Reilly Smith 40 1 1 3
PowerPlay Defense
Defense Defense Time % Phy DF OF
1 John Moore Ryan Mcdonagh 60 1 1 3
2 Josh Morrissey Justin Faulk 40 1 1 3
Penalty Kill 4 Players Forward
Center Wing Time % Phy DF OF
1 Jaden Schwartz Mark Pysyk 60 1 2 2
2 Andy Miele Claude Giroux 40 1 2 2
Penalty Kill 4 Players Defense
Defense Defense Time % Phy DF OF
1 John Moore Ryan Mcdonagh 60 1 3 1
2 Josh Morrissey Justin Faulk 40 1 3 1
Penalty Kill - 3 Players Forward
Forward Time % Phy DF OF
1 Mark Pysyk 60 1 3 1
2 Jaden Schwartz 40 1 3 1
Penalty Kill - 3 Players Defense
Defense Defense Time % Phy DF OF
1 John Moore Ryan Mcdonagh 60 1 3 1
2 Justin Faulk Josh Morrissey 40 1 3 1
4 vs 4 Forward
Center Wing Time % Phy DF OF
1 Mikael Granlund Claude Giroux 60 1 2 2
2 Jaden Schwartz Alexander Ovechkin 40 1 2 2
4 vs 4 Defense
Defense Defense Time % Phy DF OF
1 John Moore Ryan Mcdonagh 60 1 2 2
2 Justin Faulk Josh Morrissey 40 1 2 2
Last Minutes Offensive
Center Left Wing Right Wing Defense Defense
Jack Eichel Claude Giroux Mikael Granlund John Moore Ryan Mcdonagh
Last Minutes Defensive
Center Left Wing Right Wing Defense Defense
Jack Eichel Claude Giroux Mikael Granlund John Moore Ryan Mcdonagh
Goaltenders
Starting : Michal Neuvirth
Backup : Kari Lehtonen
Extra Forwards
Normal : Jaden Schwartz, Mark Pysyk, Scott Laughton - PP : Jaden Schwartz, Andy Miele - PK : Markus Granlund
Extra Defensemen
Normal : Justin Faulk, Travis Dermott, Andreas Englund - PP : Travis Dermott - PK : Justin Faulk, Andreas Englund
Penalty Shots
Claude Giroux, Alexander Ovechkin, Mikael Granlund, Jack Eichel, Ryan Mcdonagh
Custom OT Lines Forwards
Claude Giroux, Alexander Ovechkin, Mikael Granlund, Jaden Schwartz, Jack Eichel, Reilly Smith, Mark Pysyk, Scott Laughton, Nicolas Kerdiles, Andy Miele
Custom OT Lines Defensemen
Ryan Mcdonagh, John Moore, Justin Faulk, Josh Morrissey, Andreas Englund
Scratches
Joel Armia (Fractured Bone in Left Hand Injury)
Sabres
5 vs 5 Forward
Center Left Wing Right Wing Time % Phy DF OF
1 Sidney Crosby Teuvo Teravainen Tyler Johnson 35 0 1 4
2 Evgeni Malkin Robby Fabbri Sam Gagner 28 0 2 3
3 Logan Couture Ryan Kesler Kyle Okposo 23 1 2 2
4 William Karlsson Teemu Pulkkinen Brian Ferlin 14 1 2 2
5 vs 5 Defense
Defense Defense Time % Phy DF OF
1 Hampus Lindholm Colton Parayko 40 1 2 2
2 Nikita Zaitsev Michael Matheson 30 1 2 2
3 Ben Hutton Nate Schmidt 20 1 2 2
4 Hampus Lindholm Nate Schmidt 10 1 2 2
PowerPlay Forward
Center Left Wing Right Wing Time % Phy DF OF
1 Sidney Crosby Teuvo Teravainen Tyler Johnson 60 1 2 2
2 Evgeni Malkin Robby Fabbri Sam Gagner 40 1 2 2
PowerPlay Defense
Defense Defense Time % Phy DF OF
1 Hampus Lindholm Colton Parayko 60 1 2 2
2 Logan Couture Michael Matheson 40 1 2 2
Penalty Kill 4 Players Forward
Center Wing Time % Phy DF OF
1 Sidney Crosby Tyler Johnson 60 1 2 2
2 Teuvo Teravainen Evgeni Malkin 40 1 2 2
Penalty Kill 4 Players Defense
Defense Defense Time % Phy DF OF
1 Hampus Lindholm Nate Schmidt 60 1 2 2
2 Nikita Zaitsev Colton Parayko 40 1 2 2
Penalty Kill - 3 Players Forward
Forward Time % Phy DF OF
1 Sidney Crosby 60 1 2 2
2 Tyler Johnson 40 1 2 2
Penalty Kill - 3 Players Defense
Defense Defense Time % Phy DF OF
1 Hampus Lindholm Nate Schmidt 60 1 2 2
2 Nikita Zaitsev Colton Parayko 40 1 2 2
4 vs 4 Forward
Center Wing Time % Phy DF OF
1 Sidney Crosby Tyler Johnson 60 1 2 2
2 Teuvo Teravainen Evgeni Malkin 40 1 2 2
4 vs 4 Defense
Defense Defense Time % Phy DF OF
1 Hampus Lindholm Nate Schmidt 60 1 2 2
2 Nikita Zaitsev Colton Parayko 40 1 2 2
Last Minutes Offensive
Center Left Wing Right Wing Defense Defense
Sidney Crosby Teuvo Teravainen Tyler Johnson Hampus Lindholm Nate Schmidt
Last Minutes Defensive
Center Left Wing Right Wing Defense Defense
Sidney Crosby Teuvo Teravainen Tyler Johnson Hampus Lindholm Nate Schmidt
Goaltenders
Starting : John Gibson
Backup : Cam Talbot
Extra Forwards
Normal : Ryan Kesler, Logan Couture, Kyle Okposo - PP : Ryan Kesler, Logan Couture - PK : Kyle Okposo
Extra Defensemen
Normal : Ben Hutton, Colton Parayko, Nikita Zaitsev - PP : Ben Hutton - PK : Colton Parayko, Nikita Zaitsev
Penalty Shots
Sidney Crosby, Tyler Johnson, Teuvo Teravainen, Evgeni Malkin, Logan Couture
Custom OT Lines Forwards
Sidney Crosby, Tyler Johnson, Teuvo Teravainen, Evgeni Malkin, Logan Couture, Sam Gagner, Kyle Okposo, Brian Ferlin, William Karlsson, Ryan Kesler
Custom OT Lines Defensemen
Hampus Lindholm, Colton Parayko, Nikita Zaitsev, Michael Matheson, Ben Hutton
Scratches
Adrian Kempe (Left Foot Injury)
% Time on Ice - Predators
Lines # - Real PCT - Wanted PCT - Time Play
Normal Forward
1 - 40% - 40% - 17:21
2 - 25% - 30% - 10:50
3 - 22% - 20% - 9:34
4 - 13% - 10% - 5:33
Normal Defense
1 - 40% - 40% - 17:07
2 - 33% - 30% - 14:27
3 - 21% - 20% - 9:18
4 - 6% - 10% - 2:26
PP Forward
1 - 44% - 60% - 3:36
2 - 56% - 40% - 4:34
PP Defense
1 - 56% - 60% - 4:36
2 - 44% - 40% - 3:34
PK Forward
1 - 76% - 60% - 5:17
2 - 24% - 40% - 1:39
PK Defense
1 - 67% - 60% - 4:37
2 - 33% - 40% - 2:19
PK3 Forward
1 - 90% - 60% - 1:26
2 - 10% - 40% - 0:10
PK3 Defense
1 - 94% - 60% - 1:30
2 - 6% - 40% - 0:06
44 Forward
1 - 0% - 60%
2 - 0% - 40%
44 Defense
1 - 0% - 60%
2 - 0% - 40%
Last Minute Offensive - 0:00
Last Minute Defensive - 0:00
Total
Forward - 60:00
Defense - 60:00
|
% Time on Ice - Sabres
Lines # - Real PCT - Wanted PCT - Time Play
Normal Forward
1 - 37% - 35% - 15:56
2 - 30% - 28% - 13:09
3 - 19% - 23% - 8:07
4 - 14% - 14% - 6:06
Normal Defense
1 - 42% - 40% - 18:07
2 - 34% - 30% - 14:53
3 - 19% - 20% - 8:24
4 - 4% - 10% - 1:54
PP Forward
1 - 61% - 60% - 5:12
2 - 39% - 40% - 3:20
PP Defense
1 - 68% - 60% - 5:49
2 - 32% - 40% - 2:43
PK Forward
1 - 74% - 60% - 6:04
2 - 26% - 40% - 2:06
PK Defense
1 - 74% - 60% - 6:01
2 - 26% - 40% - 2:09
PK3 Forward
1 - 0% - 60%
2 - 0% - 40%
PK3 Defense
1 - 0% - 60%
2 - 0% - 40%
44 Forward
1 - 0% - 60%
2 - 0% - 40%
44 Defense
1 - 0% - 60%
2 - 0% - 40%
Last Minute Offensive - 0:00
Last Minute Defensive - 0:00
Total
Forward - 60:00
Defense - 60:00
|
Play-by-Play
1st period
0:01 of 1st period - Sidney Crosby wins face-off versus Jack Eichel in neutral zone.
0:04 of 1st period - John Moore is hit by Teuvo Teravainen and loses puck.
0:15 of 1st period - Wrist shot by Claude Giroux.
0:15 of 1st period - Stopped by John Gibson with a rebound.
0:17 of 1st period - Slapshot by Jack Eichel.
0:17 of 1st period - Stopped by John Gibson with a rebound.
0:38 of 1st period - Wrist shot by Andy Miele.
0:38 of 1st period - Stopped by John Gibson without a rebound.
0:39 of 1st period - Scott Laughton wins face-off versus Ryan Kesler in Sabres zone.
1:05 of 1st period - Nicolas Kerdiles is hit by Brian Ferlin and loses puck.
1:15 of 1st period - Minor Penalty to Markus Granlund for Goalie Interference.
1:16 of 1st period - Sidney Crosby wins face-off versus Jaden Schwartz in Predators zone.
1:22 of 1st period - Wrist shot by Teuvo Teravainen.
1:22 of 1st period - Shot Misses the Net.
1:24 of 1st period - Wrist shot by Sidney Crosby.
1:24 of 1st period - Shot Misses the Net.
1:26 of 1st period - Snap shot by Hampus Lindholm.
1:26 of 1st period - Stopped by Michal Neuvirth without a rebound.
1:27 of 1st period - Jaden Schwartz wins face-off versus Sidney Crosby in Predators zone.
1:36 of 1st period - John Moore is hit by Sidney Crosby and loses puck.
1:43 of 1st period - Wrist shot by Sidney Crosby.
1:43 of 1st period - Stopped by Michal Neuvirth with a rebound.
3:15 of 1st period - Penalty to Markus Granlund is over, Markus Granlund is back on ice.
3:25 of 1st period - John Moore is hit by Brian Ferlin and loses puck.
3:52 of 1st period - Wrist shot by Claude Giroux.
3:52 of 1st period - Stopped by John Gibson without a rebound.
3:53 of 1st period - William Karlsson wins face-off versus Andy Miele in Sabres zone.
4:06 of 1st period - Slapshot by Hampus Lindholm.
4:06 of 1st period - Stopped by Michal Neuvirth with a rebound.
4:08 of 1st period - Slapshot by Brian Ferlin.
4:08 of 1st period - Stopped by Michal Neuvirth with a rebound.
4:25 of 1st period - Snap shot by Sidney Crosby.
4:25 of 1st period - Stopped by Michal Neuvirth without a rebound.
4:26 of 1st period - Jack Eichel wins face-off versus Sidney Crosby in Predators zone.
6:39 of 1st period - Snap shot by Logan Couture.
6:39 of 1st period - Shot Misses the Net.
6:41 of 1st period - Slapshot by Nate Schmidt.
6:41 of 1st period - Deflect By Logan Couture.
6:41 of 1st period - Shot Misses the Net.
6:41 of 1st period - Puck is out of play.
6:42 of 1st period - Andy Miele wins face-off versus Sidney Crosby in Predators zone.
7:21 of 1st period - Slapshot by Sidney Crosby.
7:21 of 1st period - Shot Misses the Net.
7:23 of 1st period - Slapshot by Sidney Crosby.
7:23 of 1st period - Stopped by Michal Neuvirth without a rebound.
7:24 of 1st period - Evgeni Malkin wins face-off versus Jack Eichel in Predators zone.
8:20 of 1st period - Snap shot by Jaden Schwartz.
8:20 of 1st period - Shot Blocked by Hampus Lindholm.
8:56 of 1st period - Mark McNeill is hit by Evgeni Malkin and loses puck.
9:21 of 1st period - Slapshot by Reilly Smith.
9:21 of 1st period - Shot Blocked by Logan Couture.
10:02 of 1st period - Icing by John Moore.
10:03 of 1st period - Sidney Crosby wins face-off versus Scott Laughton in Predators zone.
10:14 of 1st period - Slapshot by Teuvo Teravainen.
10:14 of 1st period - Stopped by Michal Neuvirth with a rebound.
10:20 of 1st period - Snap shot by Teuvo Teravainen.
10:20 of 1st period - Shot Misses the Net.
10:26 of 1st period - Minor Penalty to John Moore for Hooking.
10:27 of 1st period - Jaden Schwartz wins face-off versus Sidney Crosby in Predators zone.
10:27 of 1st period - Jaden Schwartz is hit by Tyler Johnson.
10:39 of 1st period - Slapshot by Hampus Lindholm.
10:39 of 1st period - Goal by Hampus Lindholm - Predators : 0 - Sabres : 1.
10:40 of 1st period - Evgeni Malkin wins face-off versus Jack Eichel in neutral zone.
12:08 of 1st period - Minor Penalty to Teemu Pulkkinen for Cross-checking.
12:09 of 1st period - Sidney Crosby wins face-off versus Jack Eichel in Sabres zone.
12:22 of 1st period - Snap shot by Claude Giroux.
12:22 of 1st period - Goal by Claude Giroux - Predators : 1 - Sabres : 1.
12:23 of 1st period - Evgeni Malkin wins face-off versus Jack Eichel in neutral zone.
12:49 of 1st period - John Moore is hit by Nate Schmidt.
12:57 of 1st period - Snap shot by Alexander Ovechkin.
12:57 of 1st period - Shot Misses the Net.
13:56 of 1st period - Slapshot by Colton Parayko.
13:56 of 1st period - Shot Misses the Net.
13:58 of 1st period - Slapshot by Colton Parayko.
13:58 of 1st period - Stopped by Michal Neuvirth with a rebound.
14:00 of 1st period - Wrist shot by Evgeni Malkin.
14:00 of 1st period - Deflect By Robby Fabbri.
14:00 of 1st period - Shot Blocked by Justin Faulk.
14:00 of 1st period - Puck is out of play.
14:01 of 1st period - Sidney Crosby wins face-off versus Jack Eichel in Predators zone.
14:38 of 1st period - Wrist shot by Sam Gagner.
14:38 of 1st period - Stopped by Michal Neuvirth with a rebound.
14:40 of 1st period - Snap shot by Evgeni Malkin.
14:40 of 1st period - Stopped by Michal Neuvirth with a rebound.
15:01 of 1st period - Wrist shot by Jaden Schwartz.
15:01 of 1st period - Stopped by John Gibson with a rebound.
15:13 of 1st period - Slapshot by Nicolas Kerdiles.
15:13 of 1st period - Shot Misses the Net.
15:15 of 1st period - Snap shot by Nicolas Kerdiles.
15:15 of 1st period - Stopped by John Gibson with a rebound.
15:17 of 1st period - Wrist shot by Travis Dermott.
15:17 of 1st period - Deflect By Brian Ferlin.
15:17 of 1st period - Stopped by John Gibson without a rebound.
15:18 of 1st period - Sidney Crosby wins face-off versus Jack Eichel in Sabres zone.
15:18 of 1st period - Sidney Crosby is hit by Justin Faulk.
15:42 of 1st period - Sidney Crosby is hit by Claude Giroux and loses puck.
15:49 of 1st period - Wrist shot by Jack Eichel.
15:49 of 1st period - Shot Misses the Net.
15:57 of 1st period - Wrist shot by Claude Giroux.
15:57 of 1st period - Shot Misses the Net.
15:59 of 1st period - Slapshot by Josh Morrissey.
15:59 of 1st period - Stopped by John Gibson without a rebound.
16:00 of 1st period - Andy Miele wins face-off versus Evgeni Malkin in Sabres zone.
16:01 of 1st period - Snap shot by Alexander Ovechkin.
16:01 of 1st period - Stopped by John Gibson with a rebound.
16:03 of 1st period - Snap shot by Reilly Smith.
16:03 of 1st period - Stopped by John Gibson without a rebound.
16:04 of 1st period - Robby Fabbri wins face-off versus Andy Miele in Sabres zone.
16:04 of 1st period - Robby Fabbri is hit by Andy Miele.
16:35 of 1st period - Hampus Lindholm is hit by Scott Laughton and loses puck.
17:19 of 1st period - Minor Penalty to Brian Ferlin for Kneeing.
17:20 of 1st period - Mikael Granlund wins face-off versus Sidney Crosby in Sabres zone.
17:54 of 1st period - Slapshot by Andy Miele.
17:54 of 1st period - Shot Blocked by Hampus Lindholm.
17:56 of 1st period - Slapshot by Josh Morrissey.
17:56 of 1st period - Stopped by John Gibson without a rebound.
17:57 of 1st period - Sidney Crosby wins face-off versus Andy Miele in Sabres zone.
18:06 of 1st period - Slapshot by Justin Faulk.
18:06 of 1st period - Deflect By Andy Miele.
18:06 of 1st period - Stopped by John Gibson with a rebound.
19:19 of 1st period - Penalty to Brian Ferlin is over, Brian Ferlin is back on ice.
Goals for this period are 1 for Predators vs 1 for Sabres.
Shots for this period are 13 for Predators vs 11 for Sabres.
2nd period
0:01 of 2nd period - Evgeni Malkin wins face-off versus Jack Eichel in neutral zone.
0:14 of 2nd period - Mikael Granlund is hit by Nate Schmidt and loses puck.
1:54 of 2nd period - Snap shot by Tyler Johnson.
1:54 of 2nd period - Goal by Tyler Johnson - Predators : 1 - Sabres : 2.
1:55 of 2nd period - Sidney Crosby wins face-off versus Jack Eichel in neutral zone.
3:01 of 2nd period - Slapshot by John Moore.
3:01 of 2nd period - Stopped by John Gibson without a rebound.
3:02 of 2nd period - Tyler Johnson wins face-off versus Jack Eichel in Sabres zone.
3:04 of 2nd period - Minor Penalty to Nate Schmidt for Hooking.
3:05 of 2nd period - Jack Eichel wins face-off versus Sidney Crosby in Sabres zone.
3:21 of 2nd period - Snap shot by Claude Giroux.
3:21 of 2nd period - Stopped by John Gibson with a rebound.
5:04 of 2nd period - Penalty to Nate Schmidt is over, Nate Schmidt is back on ice.
5:23 of 2nd period - Snap shot by Jaden Schwartz.
5:23 of 2nd period - Stopped by John Gibson without a rebound.
5:24 of 2nd period - Evgeni Malkin wins face-off versus Jaden Schwartz in Sabres zone.
5:32 of 2nd period - Minor Penalty to Jaden Schwartz for Slashing.
5:33 of 2nd period - Markus Granlund wins face-off versus Sidney Crosby in Predators zone.
5:55 of 2nd period - Minor Penalty to Markus Granlund for Cross-checking.
5:56 of 2nd period - Mark Pysyk wins face-off versus Sidney Crosby in Predators zone.
6:51 of 2nd period - Slapshot by Andy Miele.
6:51 of 2nd period - Stopped by John Gibson without a rebound.
6:52 of 2nd period - Andy Miele wins face-off versus Sidney Crosby in Sabres zone.
6:55 of 2nd period - Snap shot by Andy Miele.
6:55 of 2nd period - Goal by Andy Miele - Predators : 2 - Sabres : 2.
6:56 of 2nd period - Sidney Crosby wins face-off versus Mark Pysyk in neutral zone.
7:27 of 2nd period - Slapshot by Sam Gagner.
7:27 of 2nd period - Shot Blocked by John Moore.
7:29 of 2nd period - Snap shot by Evgeni Malkin.
7:29 of 2nd period - Stopped by Michal Neuvirth without a rebound.
7:30 of 2nd period - Mark Pysyk wins face-off versus Sidney Crosby in Predators zone.
7:30 of 2nd period - Mark Pysyk is hit by Teuvo Teravainen.
7:32 of 2nd period - Penalty to Jaden Schwartz is over, Jaden Schwartz is back on ice.
7:55 of 2nd period - Penalty to Markus Granlund is over, Markus Granlund is back on ice.
8:04 of 2nd period - Wrist shot by Evgeni Malkin.
8:04 of 2nd period - Shot Misses the Net.
8:06 of 2nd period - Snap shot by Sam Gagner.
8:06 of 2nd period - Shot Blocked by Josh Morrissey.
8:20 of 2nd period - Teemu Pulkkinen is hit by Josh Morrissey and loses puck.
8:57 of 2nd period - Evgeni Malkin is hit by Mikael Granlund and loses puck.
9:29 of 2nd period - Off-side.
9:30 of 2nd period - Scott Laughton wins face-off versus William Karlsson in neutral zone.
9:45 of 2nd period - Slapshot by Teemu Pulkkinen.
9:45 of 2nd period - Deflect By John Moore.
9:45 of 2nd period - Goal by Teemu Pulkkinen - Predators : 2 - Sabres : 3.
9:46 of 2nd period - Sidney Crosby wins face-off versus Jack Eichel in neutral zone.
10:13 of 2nd period - Ryan Mcdonagh is hit by Evgeni Malkin and loses puck.
11:02 of 2nd period - Snap shot by Brian Ferlin.
11:02 of 2nd period - Stopped by Michal Neuvirth with a rebound.
11:04 of 2nd period - Snap shot by William Karlsson.
11:04 of 2nd period - Stopped by Michal Neuvirth without a rebound.
11:05 of 2nd period - William Karlsson wins face-off versus Andy Miele in Predators zone.
11:10 of 2nd period - Snap shot by William Karlsson.
11:10 of 2nd period - Shot Misses the Net.
11:52 of 2nd period - Nikita Zaitsev is hit by Mark Pysyk and loses puck.
13:15 of 2nd period - Wrist shot by Mark Pysyk.
13:15 of 2nd period - Shot Blocked by Michael Matheson.
13:17 of 2nd period - Slapshot by Travis Dermott.
13:17 of 2nd period - Stopped by John Gibson with a rebound.
13:19 of 2nd period - Snap shot by Travis Dermott.
13:19 of 2nd period - Stopped by John Gibson without a rebound.
13:20 of 2nd period - Jack Eichel wins face-off versus Sidney Crosby in Sabres zone.
13:47 of 2nd period - Evgeni Malkin is hit by Reilly Smith.
14:15 of 2nd period - Slapshot by Jaden Schwartz.
14:15 of 2nd period - Stopped by John Gibson with a rebound.
14:17 of 2nd period - Wrist shot by Jaden Schwartz.
14:17 of 2nd period - Stopped by John Gibson without a rebound.
14:18 of 2nd period - Mikael Granlund wins face-off versus Sidney Crosby in Sabres zone.
14:33 of 2nd period - Slapshot by Jack Eichel.
14:33 of 2nd period - Stopped by John Gibson with a rebound.
14:45 of 2nd period - Alexander Ovechkin is hit by Ryan Kesler and loses puck.
14:58 of 2nd period - Snap shot by Logan Couture.
14:58 of 2nd period - Stopped by Michal Neuvirth with a rebound.
15:33 of 2nd period - Wrist shot by Mikael Granlund.
15:33 of 2nd period - Shot Misses the Net.
15:41 of 2nd period - Wrist shot by Robby Fabbri.
15:41 of 2nd period - Stopped by Michal Neuvirth without a rebound.
15:42 of 2nd period - Sidney Crosby wins face-off versus Andy Miele in Predators zone.
15:59 of 2nd period - Snap shot by Andy Miele.
15:59 of 2nd period - Shot Blocked by Colton Parayko.
16:09 of 2nd period - Claude Giroux is hit by Kyle Okposo and loses puck.
16:16 of 2nd period - Slapshot by Kyle Okposo.
16:16 of 2nd period - Stopped by Michal Neuvirth without a rebound.
16:17 of 2nd period - Jack Eichel wins face-off versus Evgeni Malkin in Predators zone.
16:28 of 2nd period - Backhand shot by Evgeni Malkin.
16:28 of 2nd period - Stopped by Michal Neuvirth without a rebound.
16:29 of 2nd period - Jack Eichel wins face-off versus Sidney Crosby in Predators zone.
16:29 of 2nd period - Jack Eichel is hit by Tyler Johnson.
16:35 of 2nd period - Wrist shot by Claude Giroux.
16:35 of 2nd period - Stopped by John Gibson without a rebound.
16:36 of 2nd period - Claude Giroux wins face-off versus Sidney Crosby in Sabres zone.
17:33 of 2nd period - Snap shot by Claude Giroux.
17:33 of 2nd period - Stopped by John Gibson with a rebound.
18:07 of 2nd period - Wrist shot by Mikael Granlund.
18:07 of 2nd period - Shot Blocked by Tyler Johnson.
18:25 of 2nd period - Wrist shot by Claude Giroux.
18:25 of 2nd period - Shot Misses the Net.
18:27 of 2nd period - Minor Penalty to Sidney Crosby for High sticking.
18:28 of 2nd period - Andy Miele wins face-off versus Kyle Okposo in Sabres zone.
19:09 of 2nd period - Ben Hutton is hit by Andy Miele and loses puck.
Goals for this period are 1 for Predators vs 2 for Sabres.
Shots for this period are 12 for Predators vs 9 for Sabres.
3rd period
0:01 of 3rd period - Jack Eichel wins face-off versus Kyle Okposo in neutral zone.
0:27 of 3rd period - Penalty to Sidney Crosby is over, Sidney Crosby is back on ice.
1:05 of 3rd period - Slapshot by Hampus Lindholm.
1:05 of 3rd period - Shot Blocked by Mark McNeill.
1:13 of 3rd period - Kyle Okposo is hit by Justin Faulk and loses puck.
1:26 of 3rd period - Wrist shot by Claude Giroux.
1:26 of 3rd period - Stopped by John Gibson without a rebound.
1:27 of 3rd period - Jack Eichel wins face-off versus Evgeni Malkin in Sabres zone.
2:03 of 3rd period - Snap shot by Andy Miele.
2:03 of 3rd period - Goal by Andy Miele - Predators : 3 - Sabres : 3.
2:04 of 3rd period - Andy Miele wins face-off versus Evgeni Malkin in neutral zone.
2:07 of 3rd period - Slapshot by Ryan Mcdonagh.
2:07 of 3rd period - Deflect By Evgeni Malkin.
2:07 of 3rd period - Stopped by John Gibson with a rebound.
2:17 of 3rd period - Snap shot by Reilly Smith.
2:17 of 3rd period - Shot Misses the Net.
2:31 of 3rd period - Ryan Mcdonagh is hit by Nikita Zaitsev and loses puck.
2:56 of 3rd period - Wrist shot by Kyle Okposo.
2:56 of 3rd period - Shot Blocked by Josh Morrissey.
2:58 of 3rd period - Snap shot by Logan Couture.
2:58 of 3rd period - Shot Blocked by Jaden Schwartz.
3:00 of 3rd period - Wrist shot by Ryan Kesler.
3:00 of 3rd period - Shot Misses the Net.
3:02 of 3rd period - Slapshot by Logan Couture.
3:02 of 3rd period - Shot Misses the Net.
3:04 of 3rd period - Wrist shot by Kyle Okposo.
3:04 of 3rd period - Goal by Kyle Okposo - Predators : 3 - Sabres : 4.
3:05 of 3rd period - Claude Giroux wins face-off versus Evgeni Malkin in neutral zone.
3:10 of 3rd period - Evgeni Malkin is hit by Ryan Mcdonagh and loses puck.
3:21 of 3rd period - Wrist shot by Claude Giroux.
3:21 of 3rd period - Stopped by John Gibson without a rebound.
3:22 of 3rd period - Andy Miele wins face-off versus Sidney Crosby in Sabres zone.
3:52 of 3rd period - Claude Giroux is hit by Nikita Zaitsev and loses puck.
4:01 of 3rd period - Snap shot by Evgeni Malkin.
4:01 of 3rd period - Stopped by Michal Neuvirth without a rebound.
4:02 of 3rd period - Scott Laughton wins face-off versus Evgeni Malkin in Predators zone.
4:27 of 3rd period - Jack Eichel is hit by Sidney Crosby.
4:31 of 3rd period - Slapshot by Sidney Crosby.
4:31 of 3rd period - Stopped by Michal Neuvirth with a rebound.
4:33 of 3rd period - Slapshot by Teuvo Teravainen.
4:33 of 3rd period - Stopped by Michal Neuvirth with a rebound.
4:35 of 3rd period - Slapshot by Teuvo Teravainen.
4:35 of 3rd period - Goal by Teuvo Teravainen - Predators : 3 - Sabres : 5.
4:36 of 3rd period - Logan Couture wins face-off versus Andy Miele in neutral zone.
5:21 of 3rd period - Icing by Josh Morrissey.
5:22 of 3rd period - Scott Laughton wins face-off versus Evgeni Malkin in Predators zone.
5:53 of 3rd period - Jaden Schwartz is hit by Ryan Kesler and loses puck.
6:02 of 3rd period - Snap shot by Logan Couture.
6:02 of 3rd period - Shot Misses the Net.
6:08 of 3rd period - Minor Penalty to Mark Pysyk for Holding.
6:09 of 3rd period - Jaden Schwartz wins face-off versus Sidney Crosby in Predators zone.
6:40 of 3rd period - Wrist shot by Sam Gagner.
6:40 of 3rd period - Shot Misses the Net.
6:44 of 3rd period - Snap shot by Evgeni Malkin.
6:44 of 3rd period - Shot Misses the Net.
6:46 of 3rd period - Slapshot by Hampus Lindholm.
6:46 of 3rd period - Deflect By Sam Gagner.
6:46 of 3rd period - Shot Misses the Net.
6:46 of 3rd period - Puck is out of play.
6:47 of 3rd period - Alexander Ovechkin wins face-off versus Sidney Crosby in Predators zone.
6:56 of 3rd period - Alexander Ovechkin is hit by Michael Matheson and loses puck.
7:13 of 3rd period - Justin Faulk is hit by Evgeni Malkin and loses puck.
7:34 of 3rd period - Slapshot by Justin Faulk.
7:34 of 3rd period - Stopped by John Gibson without a rebound.
7:35 of 3rd period - Andy Miele wins face-off versus Sidney Crosby in Sabres zone.
8:08 of 3rd period - Penalty to Mark Pysyk is over, Mark Pysyk is back on ice.
8:08 of 3rd period - Slapshot by Hampus Lindholm.
8:08 of 3rd period - Stopped by Michal Neuvirth with a rebound.
8:16 of 3rd period - Evgeni Malkin is hit by Mark Pysyk and loses puck.
8:37 of 3rd period - Slapshot by Mark Pysyk.
8:37 of 3rd period - Stopped by John Gibson with a rebound.
8:39 of 3rd period - Wrist shot by Alexander Ovechkin.
8:39 of 3rd period - Shot Misses the Net.
8:41 of 3rd period - Slapshot by Mark Pysyk.
8:41 of 3rd period - Stopped by John Gibson without a rebound.
8:42 of 3rd period - Jack Eichel wins face-off versus Sidney Crosby in Sabres zone.
8:49 of 3rd period - Wrist shot by Mikael Granlund.
8:49 of 3rd period - Stopped by John Gibson without a rebound.
8:50 of 3rd period - Sidney Crosby wins face-off versus Jack Eichel in Sabres zone.
8:55 of 3rd period - Slapshot by Nikita Zaitsev.
8:55 of 3rd period - Stopped by Michal Neuvirth with a rebound.
8:57 of 3rd period - Slapshot by Nikita Zaitsev.
8:57 of 3rd period - Shot Blocked by Claude Giroux.
8:59 of 3rd period - Wrist shot by Teuvo Teravainen.
8:59 of 3rd period - Stopped by Michal Neuvirth with a rebound.
9:01 of 3rd period - Snap shot by Sidney Crosby.
9:01 of 3rd period - Stopped by Michal Neuvirth with a rebound.
9:03 of 3rd period - Slapshot by Michael Matheson.
9:03 of 3rd period - Shot Blocked by Jack Eichel.
9:13 of 3rd period - Josh Morrissey is hit by Teuvo Teravainen and loses puck.
9:32 of 3rd period - Snap shot by Tyler Johnson.
9:32 of 3rd period - Shot Misses the Net.
9:34 of 3rd period - Snap shot by Sidney Crosby.
9:34 of 3rd period - Shot Misses the Net.
9:36 of 3rd period - Slapshot by Nikita Zaitsev.
9:36 of 3rd period - Shot Misses the Net.
9:38 of 3rd period - Wrist shot by Teuvo Teravainen.
9:38 of 3rd period - Stopped by Michal Neuvirth without a rebound.
9:39 of 3rd period - Logan Couture wins face-off versus Andy Miele in Predators zone.
10:04 of 3rd period - Colton Parayko is hit by Jaden Schwartz and loses puck.
11:30 of 3rd period - Michael Matheson is hit by John Moore and loses puck.
12:42 of 3rd period - Snap shot by Mikael Granlund.
12:42 of 3rd period - Shot Misses the Net.
12:49 of 3rd period - Michael Matheson is hit by Justin Faulk and loses puck.
12:54 of 3rd period - Wrist shot by Teuvo Teravainen.
12:54 of 3rd period - Shot Misses the Net.
13:02 of 3rd period - Snap shot by Sidney Crosby.
13:02 of 3rd period - Stopped by Michal Neuvirth without a rebound.
13:03 of 3rd period - Logan Couture wins face-off versus Andy Miele in Predators zone.
13:07 of 3rd period - Minor Penalty to Andy Miele for Tripping.
13:08 of 3rd period - Jaden Schwartz wins face-off versus Evgeni Malkin in Predators zone.
13:48 of 3rd period - Wrist shot by Claude Giroux.
13:48 of 3rd period - Shot Misses the Net.
14:40 of 3rd period - Brian Ferlin is hit by Jack Eichel and loses puck.
15:07 of 3rd period - Penalty to Andy Miele is over, Andy Miele is back on ice.
15:15 of 3rd period - Wrist shot by Reilly Smith.
15:15 of 3rd period - Shot Blocked by Ben Hutton.
16:46 of 3rd period - Nate Schmidt is hit by Jack Eichel.
17:09 of 3rd period - Tyler Johnson is hit by Markus Granlund and loses puck.
17:26 of 3rd period - Logan Couture is hit by Reilly Smith.
17:37 of 3rd period - Minor Penalty to Colton Parayko for Tripping.
17:38 of 3rd period - Tyler Johnson wins face-off versus Jack Eichel in Sabres zone.
19:13 of 3rd period - Kyle Okposo is hit by Andy Miele and loses puck.
19:34 of 3rd period - Wrist shot by Teuvo Teravainen.
19:34 of 3rd period - Stopped by Michal Neuvirth with a rebound.
19:37 of 3rd period - Penalty to Colton Parayko is over, Colton Parayko is back on ice.
19:49 of 3rd period - Wrist shot by Teuvo Teravainen.
19:49 of 3rd period - Stopped by Michal Neuvirth with a rebound.
Goals for this period are 1 for Predators vs 2 for Sabres.
Shots for this period are 8 for Predators vs 13 for Sabres.